 Dungeon Crawl Stone Soup version 0.19.5 (webtiles) character file.

305 PacificCookies the Covered (level 6, -7/48 HPs)
             Began as a Human Fighter on Mar 17, 2017.
             Was an Initiate of Okawaru.
             Mangled by a gnoll
             ... wielding a +0 flail
              (11 damage)
             ... on level 4 of the Dungeon.
             The game lasted 00:16:34 (3615 turns).

PacificCookies the Covered (Human Fighter)          Turns: 3615, Time: 00:16:35

Health: -7/48      AC:  7    Str: 18    XL:     6   Next: 67%
Magic:  6/6        EV:  7    Int:  9    God:    Okawaru [......]
Gold:   168        SH:  9    Dex: 12    Spells: 0 memorised, 5 levels left

rFire  . . .     SeeInvis .     a - +0 rapier
rCold  . . .     Gourm    .     b - +0 scale mail
rNeg   . . .     Faith    .     c - +0 shield
rPois  .         Spirit   .     (no helmet)
rElec  .         Reflect  .     (no cloak)
rCorr  .         Harm     .     (no gloves)
MR     .....                    (no boots)
Stlth  ..........               (no amulet)
                                (no ring)
                                (no ring)

@: no status effects
A: no striking features
a: Renounce Religion


You were on level 4 of the Dungeon.
You worshipped Okawaru.
Okawaru was noncommittal.
You were not hungry.

You visited 1 branch of the dungeon, and saw 4 of its levels.

You collected 168 gold pieces.

Inventory:

Hand Weapons
 a - a +0 rapier (weapon)
 Y - a cursed -1 dagger
Missiles
 j - 72 stones (quivered)
 y - 5 arrows
 C - 15 tomahawks
 R - 6 poisoned needles
 X - 19 bolts
Armour
 b - a +0 scale mail (worn)
 c - a +0 shield (worn)
 w - a +0 robe
 A - a cursed +0 robe
 E - a +0 leather armour
 K - a +0 scale mail
Scrolls
 f - a scroll of fog
 i - a scroll of recharging {unknown}
 n - a scroll of remove curse {unknown}
 o - 2 scrolls of noise {unknown}
 p - 4 scrolls of identify {unknown}
 z - a scroll of immolation {unknown}
 W - a scroll of enchant armour {unknown}
Potions
 d - a potion of flight {unknown}
 e - a potion of invisibility {unknown}
 m - a potion of cure mutation {unknown}
 t - a potion of curing
 O - a potion of degeneration {unknown}
 P - a potion of lignification {unknown}
 Q - a potion of resistance {unknown}
 U - a potion of agility {unknown}
Books
 V - a book of Cantrips

   Spells                             Type                      Level
   a - Confusing Touch                Hexes                        1
   b - Animate Skeleton               Necromancy                   1
   c - Summon Small Mammal            Summoning                    1
   d - Apportation                    Translocation                1
Comestibles
 g - a beef jerky
 h - a fruit
 k - a meat ration
 J - a bread ration


   Skills:
 + Level 4.0 Fighting
 + Level 4.1 Short Blades
 + Level 4.2 Armour
 + Level 1.0 Dodging
 + Level 4.0 Shields


You had 5 spell levels left.
You didn't know any spells.

Dungeon Overview and Level Annotations

Branches:
Dungeon (4/15)
 Temple: D:4-7

Altars:
Okawaru


Message History

The gnoll hits you from afar with a spear. x2
* * * LOW HITPOINT WARNING * * *
You barely miss the gnoll.
The gnoll is heavily wounded.
The gnoll barely misses you. You block the gnoll's attack. x2
You closely miss the gnoll.
The gnoll is heavily wounded.
The gnoll hits you with a whip.
* * * LOW HITPOINT WARNING * * *
You block the gnoll's attack. The gnoll barely misses you.
The gnoll hits you but does no damage.
You hit the gnoll but do no damage.
The gnoll is heavily wounded.
The gnoll closely misses you.
The gnoll hits you from afar with a spear.
* * * LOW HITPOINT WARNING * * *
The gnoll hits you from afar with a spear.
* * * LOW HITPOINT WARNING * * *
The gnoll hits you with a flail!
You die...

#.... ..####...........#
...... #.....†...## #
.....##........... #.
................. #..
####.....#....... ....
#............. .....
######........
......######...#.......#
.....gg@.......#.......#
......g......).####...##
.....g................##
........................
..............#.....##..
..####..............# ..
. #..........####....
#..........# .###
#......##### .#


You could see 4 gnolls.

Vanquished Creatures
  2 hounds (D:4)
  2 worker ants (D:4)
  Natasha (thrice) (D:3)
  3 adders (D:2)
  An adder zombie (D:4)
  An adder skeleton (D:4)
  3 worms
  3 dart slugs
  3 leopard geckos
  2 ball pythons
  3 giant cockroaches (D:1)
  8 goblins
  9 hobgoblins
  4 jackals (D:2)
  8 kobolds
  2 quokkas (D:2)
  10 bats
  5 frilled lizards
  7 rats
79 creatures vanquished.

Notes
Turn   | Place    | Note
-------+----------+-------------------------------------------
     0 | D:1      | PacificCookies the Human Fighter began the quest for the Orb.
     0 | D:1      | Reached XP level 1. HP: 18/18 MP: 1/1
   180 | D:1      | Reached XP level 2. HP: 10/24 MP: 2/2
   537 | D:1      | Reached XP level 3. HP: 20/29 MP: 3/3
  1795 | D:2      | Reached XP level 4. HP: 31/35 MP: 4/4
  2709 | D:3      | Reached XP level 5. HP: 35/41 MP: 5/5
  2825 | D:3      | Noticed Natasha
  2839 | D:3      | Killed Natasha
  3127 | D:3      | Found an iron altar of Okawaru.
  3130 | D:3      | Became a worshipper of Warmaster Okawaru
  3243 | D:3      | Noticed Natasha
  3252 | D:3      | Killed Natasha
  3299 | D:3      | Noticed Natasha
  3316 | D:3      | Killed Natasha
  3423 | D:4      | Reached XP level 6. HP: 26/48 MP: 6/6
  3534 | D:4      | Reached skill level 1 in Dodging
  3615 | D:4      | Mangled by a gnoll

Skill      XL: |  1  2  3  4  5  6 |
---------------+-------------------+-----
Short Blades   | 3 4 |  4.1
Fighting       | 4 |  4.0
Armour         | 4 |  4.2
Shields        | 4 |  4.0
Dodging        | 1 |  1.0

Action                   |  1- 3 |  4- 6 || total
-------------------------+-------+-------++-------
Melee: Rapier            |   121 |   224 ||   345
  Use: Scroll            |     1 |       ||     1
       Potion            |       |     2 ||     2
  Eat: Bread ration      |     1 |     1 ||     2
       Fruit             |       |     1 ||     1
Armor: Scale mail        |    51 |    90 ||   141
Dodge: Dodged            |    42 |    76 ||   118
Block: Shield            |    79 |   115 ||   194
